TOP OF THE 1ST |
Miami Marlins batting - Pitching for San Francisco Giants : RHP Pablo Lopez
|
Pitching: RHP Pablo Lopez
|
|
Batting: LHB Kyle Tucker
|
0-0: Ball 1-0: Ball 2-0: Foul Ball, location: 2F 2-1: Foul Ball, location: 2F 2-2: Foul Ball, location: 2F 2-2: Strikes out swinging
|
Batting: LHB David Dahl
|
0-0: Swinging Strike 0-1: Ball 1-1: Fly out, F7 (Flyball, 78M, EV 85.0 MPH)
|
Batting: SHB Francisco Lindor
|
0-0: Ball 1-0: Foul Ball, location: 2F 1-1: Ground out 4-3 (Groundball, 4, EV 86.3 MPH)
|
Top of the 1st over - 0 runs, 0 hits, 0 errors, 0 left on base; Miami 0 - San Francisco 0 |
BOTTOM OF THE 1ST |
San Francisco Giants batting - Pitching for Miami Marlins : LHP Blaine Hardy
|
Pitching: LHP Blaine Hardy
|
|
Batting: RHB Yairo Munoz
|
0-0: Fly out, F6 (Line Drive, 6, EV 68.8 MPH)
|
Batting: RHB Jose Iglesias
|
0-0: Ball 1-0: Ball 2-0: Called Strike 2-1: Swinging Strike 2-2: Foul Ball, location: 2F 2-2: Fly out, F9 (Flyball, 9LD, EV 91.3 MPH)
|
Batting: LHB Anthony Rizzo
|
0-0: Foul Ball, location: 2F 0-1: Ball 1-1: Fly out, F8 (Flyball, 8LXD, EV 105.0 MPH)
|
Bottom of the 1st over - 0 runs, 0 hits, 0 errors, 0 left on base; Miami 0 - San Francisco 0 |
TOP OF THE 2ND |
Miami Marlins batting - Pitching for San Francisco Giants : RHP Pablo Lopez
|
Batting: RHB Javier Baez
|
0-0: Ball 1-0: Swinging Strike 1-1: Swinging Strike 1-2: Foul Ball, location: 2F 1-2: Ball 2-2: Strikes out looking
|
Batting: RHB Miguel Andujar
|
0-0: Ball 1-0: Called Strike 1-1: Called Strike 1-2: Strikes out swinging
|
Batting: LHB Max Kepler
|
0-0: Called Strike 0-1: Ball 1-1: Fly out, F8 (Flyball, 89M, EV 71.9 MPH)
|
Top of the 2nd over - 0 runs, 0 hits, 0 errors, 0 left on base; Miami 0 - San Francisco 0 |
BOTTOM OF THE 2ND |
San Francisco Giants batting - Pitching for Miami Marlins : LHP Blaine Hardy
|
Batting: LHB Kyle Schwarber
|
0-0: Called Strike 0-1: Foul Ball, location: 2F 0-2: Strikes out looking
|
Batting: SHB Yasmani Grandal
|
0-0: Ball 1-0: Fly out, F7 (Flyball, 7S, EV 85.6 MPH)
|
Batting: LHB Kyle Seager
|
0-0: Ball 1-0: Ground out 6-3 (Groundball, 4S, EV 87.5 MPH)
|
Bottom of the 2nd over - 0 runs, 0 hits, 0 errors, 0 left on base; Miami 0 - San Francisco 0 |
TOP OF THE 3RD |
Miami Marlins batting - Pitching for San Francisco Giants : RHP Pablo Lopez
|
Batting: RHB C.J. Cron
|
0-0: Ball 1-0: Foul Ball, location: 2F 1-1: Foul Ball, location: 2F 1-2: Strikes out swinging
|
Batting: LHB Chance Sisco
|
0-0: Swinging Strike 0-1: Ball 1-1: Ball 2-1: Ball 3-1: Called Strike 3-2: Foul Ball, location: 2F 3-2: Strikes out swinging
|
Batting: LHB Blaine Hardy
|
0-0: Called Strike 0-1: Foul Ball, location: 2F 0-2: Ball 1-2: Strikes out swinging
|
Top of the 3rd over - 0 runs, 0 hits, 0 errors, 0 left on base; Miami 0 - San Francisco 0 |
BOTTOM OF THE 3RD |
San Francisco Giants batting - Pitching for Miami Marlins : LHP Blaine Hardy
|
Batting: LHB Tyler Naquin
|
0-0: Foul Ball, location: 2F 0-1: Swinging Strike 0-2: Foul Ball, location: 2F 0-2: Foul Ball, location: 2F 0-2: Fly out, F7 (Flyball, 78S, EV 92.5 MPH)
|
Batting: LHB Daniel Palka
|
0-0: Called Strike 0-1: Ball 1-1: Swinging Strike 1-2: Ball 2-2: Foul Ball, location: 2F 2-2: Ball 3-2: SINGLE (Line Drive, 8RS, EV 99.4 MPH)
|
Batting: LHB Pablo Lopez
|
0-0: Sac Bunt to 25 - play at first, batter OUT! 5-4 Daniel Palka to second
|
Batting: RHB Yairo Munoz
|
0-0: Ball 1-0: Ball 2-0: DOUBLE (Line Drive, 7LS, EV 95.6 MPH) Daniel Palka scores
|
Batting: RHB Jose Iglesias
|
0-0: Swinging Strike 0-1: Ball 1-1: Called Strike 1-2: Foul Ball, location: 2F 1-2: Ball 2-2: Fly out, F4 (Line Drive, 4, EV 66.3 MPH)
|
Bottom of the 3rd over - 1 run, 2 hits, 0 errors, 1 left on base; Miami 0 - San Francisco 1 |
TOP OF THE 4TH |
Miami Marlins batting - Pitching for San Francisco Giants : RHP Pablo Lopez
|
Batting: LHB Kyle Tucker
|
0-0: Foul Ball, location: 2F 0-1: DOUBLE (Groundball, 3L, EV 97.5 MPH)
|
Batting: LHB David Dahl
|
0-0: Swinging Strike 0-1: Foul Ball, location: 2F 0-2: SINGLE (Groundball, 34D, EV 97.5 MPH) Kyle Tucker to third
|
Batting: SHB Francisco Lindor
|
0-0: Ball 1-0: Ball 2-0: SINGLE (Line Drive, 9LS, EV 103.1 MPH) Kyle Tucker scores David Dahl to second
|
Batting: RHB Javier Baez
|
0-0: Ball 1-0: Foul Ball, location: 2F 1-1: Called Strike 1-2: Ball 2-2: Strikes out looking
|
Batting: RHB Miguel Andujar
|
0-0: Ball 1-0: Fly out, F7 (Line Drive, 7D, EV 108.1 MPH)
|
Batting: LHB Max Kepler
|
0-0: Ball 1-0: Ball 2-0: Ball 3-0: Called Strike 3-1: Foul Ball, location: 2F 3-2: DOUBLE (Line Drive, 78D, EV 102.5 MPH) David Dahl scores Francisco Lindor to third Francisco Lindor scores
|
Batting: RHB C.J. Cron
|
0-0: Foul Ball, location: 2F 0-1: Ball 1-1: Fly out, F7 (Flyball, 7, EV 91.3 MPH)
|
Top of the 4th over - 3 runs, 4 hits, 0 errors, 1 left on base; Miami 3 - San Francisco 1 |
BOTTOM OF THE 4TH |
San Francisco Giants batting - Pitching for Miami Marlins : LHP Blaine Hardy
|
Batting: LHB Anthony Rizzo
|
0-0: Foul Ball, location: 2F 0-1: Ground out 6-3 (Groundball, 4, EV 80.0 MPH)
|
Batting: LHB Kyle Schwarber
|
0-0: Ball 1-0: Ball 2-0: Ball 3-0: Called Strike 3-1: Fly out, F5 (Popup, 5SF, EV 81.9 MPH)
|
Batting: SHB Yasmani Grandal
|
0-0: Ball 1-0: Ball 2-0: Called Strike 2-1: Swinging Strike 2-2: Foul Ball, location: 2F 2-2: Foul Ball, location: 2F 2-2: Ground out 5-3 (Groundball, 56, EV 104.4 MPH)
|
Bottom of the 4th over - 0 runs, 0 hits, 0 errors, 0 left on base; Miami 3 - San Francisco 1 |
TOP OF THE 5TH |
Miami Marlins batting - Pitching for San Francisco Giants : RHP Pablo Lopez
|
Batting: LHB Chance Sisco
|
0-0: Foul Ball, location: 2F 0-1: Ball 1-1: SINGLE (Line Drive, 4D, EV 96.3 MPH)
|
Batting: LHB Blaine Hardy
|
0-0: Sac Bunt to 23 - play at first, batter OUT! 3-4 Chance Sisco to second
|
Batting: LHB Kyle Tucker
|
0-0: Ball 1-0: Called Strike 1-1: Ball 2-1: Foul Ball, location: 2F 2-2: Ball 3-2: SINGLE (Line Drive, 34, EV 96.9 MPH) Chance Sisco to third
|
Pitching: RHP Brad Boxberger
|
|
Batting: LHB David Dahl
|
0-0: Called Strike 0-1: Ball 1-1: Ball 2-1: Foul Ball, location: 2F 2-2: Strikes out swinging
|
Batting: SHB Francisco Lindor
|
0-0: 3-RUN HOME RUN (Flyball, 7LD, EV 100.0 MPH), Distance : 365 ft
|
Batting: RHB Javier Baez
|
0-0: Fly out, F8 (Flyball, 8LD, EV 93.8 MPH)
|
Top of the 5th over - 3 runs, 3 hits, 0 errors, 0 left on base; Miami 6 - San Francisco 1 |
BOTTOM OF THE 5TH |
San Francisco Giants batting - Pitching for Miami Marlins : LHP Blaine Hardy
|
Batting: LHB Kyle Seager
|
0-0: Ball 1-0: Ball 2-0: Foul Ball, location: 2F 2-1: Foul Ball, location: 2F 2-2: Strikes out swinging
|
Batting: LHB Tyler Naquin
|
0-0: Fly out, F5 (Popup, 25F, EV 91.3 MPH)
|
Batting: LHB Daniel Palka
|
0-0: Ball 1-0: Foul Ball, location: 2F 1-1: Fly out, F7 (Flyball, 7LD, EV 100.6 MPH)
|
Bottom of the 5th over - 0 runs, 0 hits, 0 errors, 0 left on base; Miami 6 - San Francisco 1 |
TOP OF THE 6TH |
Miami Marlins batting - Pitching for San Francisco Giants : RHP Brad Boxberger
|
Batting: RHB Miguel Andujar
|
0-0: Ball 1-0: Foul Ball, location: 2F 1-1: Foul Ball, location: 2F 1-2: Fly out, F9 (Flyball, 9S, EV 83.8 MPH)
|
Batting: LHB Max Kepler
|
0-0: Called Strike 0-1: Ball 1-1: Foul Ball, location: 2F 1-2: Foul Ball, location: 2F 1-2: SOLO HOME RUN (Flyball, 9D, EV 108.1 MPH), Distance : 380 ft
|
Batting: RHB C.J. Cron
|
0-0: Swinging Strike 0-1: Ball 1-1: Ball 2-1: Foul Ball, location: 2F 2-2: SINGLE (Line Drive, 78S, EV 97.5 MPH)
|
Pitching: RHP Chris Devenski
|
|
Batting: LHB Chance Sisco
|
0-0: Swinging Strike 0-1: Foul Ball, location: 2F 0-2: Foul Ball, location: 2F 0-2: Ball 1-2: Strikes out swinging
|
Batting: LHB Blaine Hardy
|
0-0: Called Strike 0-1: SINGLE (Groundball, 5L, EV 98.8 MPH) C.J. Cron to second
|
Batting: LHB Kyle Tucker
|
0-0: Called Strike 0-1: Foul Ball, location: 2F 0-2: Foul Ball, location: 2F 0-2: Ball 1-2: Foul Ball, location: 2F 1-2: SINGLE (Flyball, 89S, EV 95.0 MPH) C.J. Cron to third Blaine Hardy to second Runner from 3rd tries for Home, SAFE, throw by RF to home
|
Batting: LHB David Dahl
|
0-0: Called Strike 0-1: Called Strike 0-2: Ball 1-2: Strikes out swinging
|
Top of the 6th over - 2 runs, 4 hits, 0 errors, 2 left on base; Miami 8 - San Francisco 1 |
BOTTOM OF THE 6TH |
San Francisco Giants batting - Pitching for Miami Marlins : LHP Blaine Hardy
|
Pinch Hitting: RHB Hunter Dozier
|
0-0: Ball 1-0: Ground out 5-3 (Groundball, 56, EV 102.5 MPH)
|
Batting: RHB Yairo Munoz
|
0-0: Ball 1-0: Called Strike 1-1: Ball 2-1: Foul Ball, location: 2F 2-2: Ball 3-2: Base on Balls
|
Batting: RHB Jose Iglesias
|
0-0: Ball 1-0: Ball 2-0: SINGLE (Line Drive, 6M, EV 96.3 MPH) Yairo Munoz to second
|
Batting: LHB Anthony Rizzo
|
0-0: Fly out, F7 (Flyball, 78D, EV 101.9 MPH)
|
Batting: LHB Kyle Schwarber
|
0-0: Called Strike 0-1: Foul Ball, location: 2F 0-2: Ball 1-2: Foul Ball, location: 2F 1-2: Ball 2-2: Foul Ball, location: 2F 2-2: Fly out, F9 (Flyball, 89S, EV 88.8 MPH)
|
Bottom of the 6th over - 0 runs, 1 hit, 0 errors, 2 left on base; Miami 8 - San Francisco 1 |
TOP OF THE 7TH |
Miami Marlins batting - Pitching for San Francisco Giants : RHP Chris Devenski
|
Pitching: LHP Tony Watson
|
|
Batting: SHB Francisco Lindor
|
0-0: Called Strike 0-1: Swinging Strike 0-2: Ball 1-2: Foul Ball, location: 2F 1-2: Ball 2-2: Foul Ball, location: 2F 2-2: Ground out 4-3 (Groundball, 4, EV 107.5 MPH)
|
Batting: RHB Javier Baez
|
0-0: Ball 1-0: Called Strike 1-1: Called Strike 1-2: Foul Ball, location: 2F 1-2: Strikes out looking
|
Batting: RHB Miguel Andujar
|
0-0: Called Strike 0-1: DOUBLE (Line Drive, 78M, EV 106.3 MPH)
|
Batting: LHB Max Kepler
|
0-0: Called Strike 0-1: Called Strike 0-2: Ground out 4-3 (Groundball, 4M, EV 107.5 MPH)
|
Top of the 7th over - 0 runs, 1 hit, 0 errors, 1 left on base; Miami 8 - San Francisco 1 |
BOTTOM OF THE 7TH |
San Francisco Giants batting - Pitching for Miami Marlins : LHP Blaine Hardy
|
Pitching: LHP Luiz Gohara
|
|
Batting: SHB Yasmani Grandal
|
0-0: Called Strike 0-1: Ball 1-1: Ball 2-1: Ball 3-1: Foul Ball, location: 2F 3-2: Foul Ball, location: 2F 3-2: Foul Ball, location: 2F 3-2: Foul Ball, location: 2F 3-2: Strikes out swinging
|
Batting: LHB Kyle Seager
|
0-0: Called Strike 0-1: Ball 1-1: Ball 2-1: Ball 3-1: Foul Ball, location: 2F 3-2: Foul Ball, location: 2F 3-2: Base on Balls
|
Batting: LHB Tyler Naquin
|
0-0: Called Strike 0-1: Called Strike 0-2: Foul Ball, location: 2F 0-2: Ball 1-2: Ball 2-2: Ball 3-2: Foul Ball, location: 2F 3-2: Fly out, F8 (Flyball, 8LM, EV 95.6 MPH)
|
Batting: LHB Daniel Palka
|
0-0: SINGLE (Line Drive, 8RS, EV 93.8 MPH) Kyle Seager to second
|
Pinch Hitting: RHB Austin Slater
|
0-0: Foul Ball, location: 2F 0-1: Fielders Choice at 2nd, 6-4 (Groundball, 6, EV 89.4 MPH)
|
Bottom of the 7th over - 0 runs, 1 hit, 0 errors, 2 left on base; Miami 8 - San Francisco 1 |
TOP OF THE 8TH |
Miami Marlins batting - Pitching for San Francisco Giants : LHP Tony Watson
|
Pitching: RHP Luke Leftwich
|
|
Batting: RHB C.J. Cron
|
0-0: SINGLE (Line Drive, 78S, EV 88.8 MPH)
|
Batting: LHB Chance Sisco
|
0-0: Ball 1-0: Called Strike 1-1: Ball 2-1: Foul Ball, location: 2F 2-2: Foul Ball, location: 2F 2-2: Strikes out swinging
|
Batting: LHB Luiz Gohara
|
0-0: Sac Bunt to 2R - play at first, batter OUT! 2-4 C.J. Cron to second
|
Batting: LHB Kyle Tucker
|
0-0: Ball 1-0: Fly out, F8 (Flyball, 8RXD, EV 100.0 MPH)
|
Top of the 8th over - 0 runs, 1 hit, 0 errors, 1 left on base; Miami 8 - San Francisco 1 |
BOTTOM OF THE 8TH |
San Francisco Giants batting - Pitching for Miami Marlins : LHP Luiz Gohara
|
Batting: RHB Yairo Munoz
|
0-0: Ball 1-0: Ball 2-0: Fly out, F3 (Line Drive, 3, EV 63.8 MPH)
|
Batting: RHB Jose Iglesias
|
0-0: Ball 1-0: Ball 2-0: Foul Ball, location: 2F 2-1: Swinging Strike 2-2: Strikes out swinging
|
Batting: LHB Anthony Rizzo
|
0-0: Foul Ball, location: 2F 0-1: Ball 1-1: Ball 2-1: Called Strike 2-2: Fly out, F5 (Popup, 56S, EV 88.1 MPH)
|
Bottom of the 8th over - 0 runs, 0 hits, 0 errors, 0 left on base; Miami 8 - San Francisco 1 |
TOP OF THE 9TH |
Miami Marlins batting - Pitching for San Francisco Giants : RHP Luke Leftwich
|
Batting: LHB David Dahl
|
0-0: Called Strike 0-1: Foul Ball, location: 2F 0-2: Ball 1-2: Strikes out looking
|
Batting: SHB Francisco Lindor
|
0-0: SINGLE (Groundball, 34D, EV 95.6 MPH)
|
Batting: RHB Javier Baez
|
0-0: Called Strike 0-1: TRIPLE (Flyball, 89XD, EV 101.3 MPH) Francisco Lindor scores
|
Pinch Hitting: SHB Rey Navarro
|
0-0: Called Strike 0-1: Called Strike 0-2: Fly out, F8 (Line Drive, 8LD, EV 101.9 MPH) Runner from 3rd tags up, SCORES, no throw by CF
|
Pinch Hitting: LHB Nick Williams
|
0-0: Called Strike 0-1: Called Strike 0-2: Ball 1-2: Ball 2-2: Strikes out looking
|
Top of the 9th over - 2 runs, 2 hits, 0 errors, 0 left on base; Miami 10 - San Francisco 1 |
BOTTOM OF THE 9TH |
San Francisco Giants batting - Pitching for Miami Marlins : LHP Luiz Gohara
|
Now at 2B: Rey Navarro
|
|
Now in CF: Alex Gordon
|
|
Batting: LHB Kyle Schwarber
|
0-0: Called Strike 0-1: Foul Ball, location: 2F 0-2: Foul Ball, location: 2F 0-2: Ball 1-2: Strikes out swinging
|
Batting: SHB Yasmani Grandal
|
0-0: Ball 1-0: Fly out, F7 (Flyball, 7LSF, EV 72.5 MPH)
|
Batting: LHB Kyle Seager
|
0-0: Ball 1-0: Foul Ball, location: 2F 1-1: Foul Ball, location: 2F 1-2: Foul Ball, location: 2F 1-2: Foul Ball, location: 2F 1-2: Fly out, F9 (Flyball, 9D, EV 81.3 MPH)
|
Bottom of the 9th over - 0 runs, 0 hits, 0 errors, 0 left on base; Miami 10 - San Francisco 1 |
|